 Dungeon Crawl Stone Soup version 0.28-a0-1312-g71652a0310 (webtiles) character file.

Game seed: 9638670729756845851

9312 Inchronoth the Blocker (level 11, -6/99 HPs)
             Began as a Minotaur Fighter on Dec 27, 2021.
             Was an Initiate of Ashenzari.
             Killed by divine providence
             ... invoked by an orc priest
              (14 damage)
             ... on level 10 of the Dungeon.
             The game lasted 01:41:19 (12369 turns).

Inchronoth the Blocker (Minotaur Fighter)          Turns: 12369, Time: 01:41:20

Health: -6/99      AC: 11    Str: 20    XL:     11   Next: 21%
Magic:  14/14      EV:  7    Int:  5    God:    Ashenzari [......]
Gold:   609        SH: 12    Dex: 15    Spells: 10/10 levels left

rFire   + + .      SeeInvis .   k - +1 demon blade (freeze)
rCold   x . .      Faith    .   M - +0 kite shield
rNeg    . . .      Spirit   .   m - +0 chain mail
rPois   .          Reflect  .   (helmet restricted)
rElec   .          Harm     .   (no cloak)
rCorr   .          Rampage  .   (no gloves)
Will    .....                   (no boots)
Stlth   ..........              (no amulet)
HPRegen 0.26/turn               A - ring of fire
MPRegen 0.14/turn               c - ring of protection from fire

@: mighty
A: horns 2, retaliatory headbutt
a: Renounce Religion, Curse Item


You were on level 10 of the Dungeon.
You worshipped Ashenzari.
Ashenzari was noncommittal.
You visited 2 branches of the dungeon, and saw 11 of its levels.

You collected 609 gold pieces.

Inventory:

Hand Weapons
 k - a +1 demon blade of freezing (weapon)
Missiles
 n - 6 javelins
 y - 12 poisoned darts (quivered)
Armour
 m - a +0 chain mail (worn)
 L - a +0 tower shield
 M - a +0 kite shield (worn)
Jewellery
 c - a ring of protection from fire (right hand)
 A - a ring of fire (left hand)
 D - a ring of fire
 I - a ring of willpower
 J - a ring of wizardry
Wands
 j - a wand of mindburst (17)
 u - a wand of polymorph (6)
 G - a wand of flame (4)
Scrolls
 i - 4 scrolls of blinking
 l - 3 scrolls of teleportation
 o - a scroll of fog {unknown}
 r - a scroll of enchant weapon {unknown}
 t - 3 scrolls of amnesia
 w - 2 scrolls of magic mapping {unknown}
 B - a scroll of noise {unknown}
 C - a scroll of holy word {unknown}
 F - 2 scrolls of summoning {unknown}
 K - a scroll of fear {unknown}
Potions
 a - 2 potions of flight {unknown}
 b - 2 potions of cancellation
 d - 3 potions of might
 e - 3 potions of ambrosia
 f - 2 potions of magic
 g - 3 potions of curing {@q1}
 h - a potion of haste
 p - a potion of invisibility
 q - a potion of heal wounds {unknown}
 s - a potion of resistance {unknown}
 v - 2 potions of mutation {unknown}
 x - a potion of attraction {unknown}
 z - 2 potions of brilliance {unknown}
 E - a potion of berserk rage {unknown}
 H - a potion of degeneration {unknown}


   Skills:
 - Level 9.9 Fighting
 - Level 9.5 Long Blades
 - Level 4.6 Throwing
 - Level 9.9 Armour
 + Level 11.0 Shields
 - Level 5.7 Invocations


You had 10 spell levels left.
You didn't know any spells.
Your spell library contained the following spells:

 Spells                   Type           Power      Damage    Failure   Level
 Animate Skeleton         Necr           0%         N/A       99%         1
 Pain                     Necr           0%         1d4       99%         1
 Shock                    Conj/Air       0%         1d3       99%         1
 Slow                     Hex            0%         N/A       99%         1
 Passwall                 Tmut/Erth      0%         N/A       100%        2
 Confusing Touch          Hex            0%         N/A       100%        3
 Dazzling Flash           Conj/Hex       0%         N/A       100%        3
 Stone Arrow              Conj/Erth      0%         3d7       100%        3
 Summon Guardian Golem    Hex/Summ       0%         N/A       100%        3
 Swiftness                Air            0%         N/A       100%        3
 Vampiric Draining        Necr           0%         2d6       100%        3
 Airstrike                Air            0%         N/A       100%        4
 Animate Armour           Summ/Erth      0%         N/A       100%        4
 Fulminant Prism          Conj/Hex       0%         3d6       100%        4
 Iskenderun's Mystic Bla  Conj/Tloc      0%         2d3       100%        4
 Irradiate                Conj/Tmut      0%         3d14      100%        5
 Lee's Rapid Deconstruct  Erth           0%         3d5*      100%        5
 Orb of Destruction       Conj           0%         N/A       100%        7
 Spellforged Servitor     Conj/Summ      0%         N/A       100%        7
 Lehudib's Crystal Spear  Conj/Erth      0%         10d2      100%        8


Dungeon Overview and Level Annotations

Branches:
Dungeon (10/15)            Temple (1/1) D:4             Orc (0/2) D:10
   Lair: D:8-11

Altars:
Ashenzari
Cheibriados
Dithmenos
Elyvilon
Fedhas
Gozag
Hepliaklqana
Kikubaaqudgha
Makhleb
Nemelex Xobeh
Okawaru
Qazlal
Ru
Sif Muna
Trog
Uskayaw
Vehumet
Wu Jian
Xom
Yredelemnul
Zin
The Shining One

Annotations:
D:10 2 transporters, Gastronok; RNPValinor's ghost, novice DsFi


Innate Abilities, Weirdness & Mutations

You have a pair of horns on your head.
You reflexively headbutt those who attack you in melee.


Message History

You completely miss something. Something hits you!
You block something's attack.
You hit something. You headbutt something. Something draws life force from you!
You miss something. Something hits you. Something bites you but does no damage.
You barely miss something. Something hits you!
* * * LOW HITPOINT WARNING * * *
Something bites you but does no damage.
You completely miss something. Your headbutt misses something.
Something hits you but does no damage. Something bites you.
* * * LOW HITPOINT WARNING * * *
Something draws strength from your injuries!
You slash something! Your headbutt misses something.
You block something's attack. Something bites you but does no damage.
You barely miss something. Your headbutt misses something. Something hits you!
* * * LOW HITPOINT WARNING * * *
Something bites you!
* * * LOW HITPOINT WARNING * * *
Something draws strength from your injuries!
You feel very mighty all of a sudden. Something hits you!
* * * LOW HITPOINT WARNING * * *
You block something's attack.
You slash something! You freeze something.
Reactivating autopickup.
You feel a bit more experienced.
Your Shields skill increases to level 11!
You now have 609 gold pieces (gained 24).
You see here a +0 flail.
An orc priest comes into view.
It is wielding a +1 short sword of holy wrath.
The orc priest shouts!
An orc wizard comes into view. It is wielding a +0 dagger.
Found 6 poisoned darts.
An orc warrior comes into view. It is wielding a +0 short sword.
The orc warrior shouts!
You hear a shout! x2
An orc wizard comes into view. It is wielding a +0 dagger. x2
An orc priest comes into view. It is wielding a +0 flail.
The orc wizard shouts!
The orc priest calls down the wrath of Beogh upon you.
Beogh smites you!
You die...

.o..# #..# ..# #...#
##.## .. #.o.# #..# ..
#..## #..# #. #...##
##.## #.. ##....## #..#
##.###......## #..#
#...#........### ##..
#....@.........### #..
#......>).........###..
#.....#########........
#......# ###......
..(.....# ###....
......... ###..
.......o. ... ....ooo..
... ....# ...


You could see an orc warrior, 2 orc priests and 2 orc wizards.

Vanquished Creatures
  Erolcha (D:10)
  Erica (D:8)
  Pikel (D:6)
  An orc sorcerer (D:9)
  A manticore (D:9)
  A gargoyle (D:9)
  A hornet (D:9)
  4 slime creatures (D:9)
  A vampire (D:10)
  A wraith (D:10)
  Sigmund (D:5)
  A wyvern (D:9)
  4 steam dragons
  Menkaure (D:6)
  3 water moccasins
  Duvessa (D:7)
  2 sky beasts (D:7)
  6 black bears
  2 orc warriors (D:8)
  An ice beast (D:7)
  A necrophage (D:8)
  4 centaurs
  4 ogres
  2 kobold brigands
  A bullfrog (D:5)
  2 scorpions
  A wyvern skeleton (D:7)
  A water moccasin skeleton (D:6)
  Dowan (D:7)
  9 killer bees
  12 wights
  2 howler monkeys
  4 centaur zombies
  3 hounds
  3 jellies (D:5)
  A bullfrog skeleton (D:6)
  2 orc wizards (D:4)
  A howler monkey zombie (D:10)
  A howler monkey skeleton (D:7)
  10 adders
  A shadow imp (D:8)
  2 ufetubi
  A worm (D:3)
  A dart slug (D:1)
  13 orcs
  6 ball pythons
  A bat (D:2)
  9 endoplasms
  5 giant cockroaches
  6 goblins
  10 hobgoblins
  5 jackals
  17 kobolds
  4 quokkas
  2 frilled lizards
  3 rats (D:1)
186 creatures vanquished.

Notes
Turn   | Place    | Note
-------+----------+-------------------------------------------
     0 | D:1      | Inchronoth the Minotaur Fighter began the quest for the
                  | Orb.
     0 | D:1      | Reached XP level 1. HP: 19/19 MP: 0/0
    66 | D:1      | You fall into a shaft and drop 1 floor!
    84 | D:2      | Reached XP level 2. HP: 27/27 MP: 1/1
   212 | D:2      | Reached skill level 4 in Shields
   212 | D:2      | Reached XP level 3. HP: 25/33 MP: 2/2
   843 | D:1      | Reached skill level 1 in Invocations
  1067 | D:1      | Reached XP level 4. HP: 40/40 MP: 3/3
  1721 | D:3      | Found a faded altar of an unknown god.
  2078 | D:4      | Noticed an ogre
  2089 | D:4      | Killed an ogre
  2090 | D:4      | Reached XP level 5. HP: 47/47 MP: 5/5
  2371 | D:4      | Reached XP level 6. HP: 55/55 MP: 6/6
  2451 | D:4      | Reached skill level 5 in Armour
  2454 | D:4      | Reached skill level 5 in Shields
  2489 | D:4      | Reached skill level 5 in Fighting
  2496 | D:4      | Found a staircase to the Ecumenical Temple.
  2507 | Temple   | Entered the Ecumenical Temple
  2696 | D:5      | Entered Level 5 of the Dungeon
  2715 | D:5      | Reached XP level 7. HP: 26/61 MP: 6/8
  4568 | D:5      | Reached skill level 5 in Long Blades
  4780 | D:5      | Reached skill level 6 in Shields
  5039 | D:5      | Reached XP level 8. HP: 70/70 MP: 9/9
  5066 | D:5      | Noticed Sigmund
  5082 | D:5      | Killed Sigmund
  5648 | D:6      | Reached skill level 7 in Shields
  5884 | D:6      | Noticed Pikel
  5898 | D:6      | Killed Pikel
  5899 | D:6      | Reached skill level 5 in Invocations
  5899 | D:6      | Reached XP level 9. HP: 62/79 MP: 11/11
  5962 | D:6      | Noticed Menkaure
  5980 | D:6      | Killed Menkaure
  6303 | D:6      | Reached skill level 8 in Shields
  6572 | D:6      | Found a blossoming altar of Fedhas.
  7352 | D:7      | Reached skill level 1 in Throwing
  7694 | D:7      | Found an ancient bone altar of Kikubaaqudgha.
  7699 | D:7      | Found a broken altar of Ashenzari.
  7702 | D:7      | Found an iron altar of Okawaru.
  7705 | D:7      | Found a burning altar of Makhleb.
  7748 | D:7      | Noticed Duvessa
  7748 | D:7      | Noticed Dowan
  7765 | D:7      | Killed Duvessa
  7770 | D:7      | Killed Dowan
  8167 | D:7      | Reached XP level 10. HP: 76/90 MP: 13/13
  8320 | D:7      | Found a bloodstained altar of Trog.
  8320 | D:7      | Found a glowing golden altar of the Shining One.
  8477 | D:8      | Noticed Erica
  8495 | D:8      | Killed Erica
  9017 | D:8      | Reached skill level 9 in Shields
  9162 | D:8      | Found an opulent altar of Gozag.
  9498 | D:8      | Found a basalt altar of Yredelemnul.
  9829 | D:9      | Noticed a manticore
 10085 | D:9      | Noticed an orc sorcerer
 10085 | D:9      | Paralysed by an orc sorcerer for 7 turns
 10088 | D:9      | Noticed a sun demon
 10103 | D:9      | Killed an orc sorcerer
 10947 | D:9      | Killed a manticore
 11107 | D:9      | Noticed a gargoyle
 11114 | D:9      | Killed a gargoyle
 11115 | D:9      | Reached XP level 11. HP: 73/99 MP: 14/14
 11653 | D:7      | Became a worshipper of Ashenzari the Shackled
 11709 | D:10     | Entered Level 10 of the Dungeon
 11768 | D:10     | Noticed RNPValinor's ghost (novice DsFi)
 11768 | D:10     | Noticed a two-headed ogre
 11769 | D:10     | Found a transporter.
 11769 | D:10     | Noticed a two-headed ogre
 11769 | D:10     | Noticed a two-headed ogre
 11770 | D:10     | Noticed a two-headed ogre
 11781 | D:10     | Found a transporter.
 11808 | D:10     | Noticed Gastronok
 11951 | D:10     | Reached skill level 10 in Shields
 12073 | D:10     | Found a staircase to the Orcish Mines.
 12076 | D:10     | Got the Papyrus of the Mountains and Battle Magic
 12196 | D:10     | Noticed Erolcha
 12215 | D:10     | Killed Erolcha
 12353 | D:10     | HP: 4/99 [something (7)]
 12355 | D:10     | Reached skill level 11 in Shields
 12369 | D:10     | Killed from afar by an orc priest

Illustrated notes

Levels and vault maps discovered:
D:1:      minmay_arrival_loop, layout_basic
D:2:      layout_basic
D:3:      layout_basic, hellmonk_ecumenical_altar_inner_sanctum
D:4:      layout_basic, minmay_temple_entry_grid
D:5:      layout_loops_ring, uniq_sigmund
D:6:      nicolae_cairo_tiling, layout_cave_pools, kennysheep_little_box,
          uniq_pikel, uniq_menkaure
D:7:      layout_basic, grunt_temple_overflow_cloverleaf,
          gammafunk_temple_overflow_pools, uniq_duvessa
D:8:      layout_cave_pools, mainiacjoe_overflow_paths,
          nicolae_gozag_cash_rules_everything_around_me, uniq_erica
D:9:      cheibrodos_wizards_tower, layout_long_grid, nicolae_benzene_ring
D:10:     layout_layer_cave, orc_0_dummy, gammafunk_ghost_smash, uniq_gastronok,
          uniq_erolcha, uniq_josephine
Temple:   dshaligram_water_room_temple

Skill      XL: |  1  2  3  4  5  6  7  8  9 10 11 |
---------------+----------------------------------+-----
Fighting       | 4 5 6 7 8 9 |  9.9
Armour         | 4 5 6 7 8 9 |  9.9
Shields        | 4 5 6 7 8 9 11 | 11.0
Long Blades    | 3 4 5 7 8 9 |  9.5
Invocations    | 1 2 3 5 |  5.7
Throwing       | 2 4 |  4.6

Action                   |  1- 3 |  4- 6 |  7- 9 | 10-12 || total
-------------------------+-------+-------+-------+-------++-------
Melee: Long sword        |    71 |    49 |       |       ||   120
       Headbutt          |    12 |    12 |    40 |    50 ||   114
       Demon blade       |       |    45 |   203 |   212 ||   460
Evoke: Wand              |       |     1 |     1 |     1 ||     3
  Use: Scroll            |       |     7 |     2 |       ||     9
       Potion            |       |       |     1 |     1 ||     2
Armor: Scale mail        |    25 |    23 |       |       ||    48
       Chain mail        |       |    19 |    86 |    79 ||   184
Dodge: Dodged            |    26 |    27 |    59 |    74 ||   186
Block: Buckler           |    19 |    18 |    54 |    56 ||   147
       Kite shield       |       |       |       |    28 ||    28

Table legend: (Time is in decaauts)
 A = Elapsed time spent in this place.
 B = Non-inter-level travel time spent in this place.
 C = Inter-level travel time spent in this place.
 D = Time resting spent in this place.
 E = Time spent auto-exploring this place.
 F = Levels seen in this place.
 G = Mean time per level.
                   A        B        C        D        E       F      G
               +--------+--------+--------+--------+--------+-----+--------+
         Total |  12367 |  10359 |   2008 |   3925 |   4439 |  11 | 1124.3 |
       Dungeon |  12239 |  10357 |   1882 |   3925 |   4439 |  10 | 1223.9 |
        Temple |    128 |      2 |    126 |      0 |      0 |   1 |  128.0 |
               +--------+--------+--------+--------+--------+-----+--------+

Top non-repeatable levels by time:
     D:4: 2379 daAuts
     D:9: 1850 daAuts
     D:6: 1454 daAuts
     D:7: 1372 daAuts
     D:5: 1257 daAuts
     D:8: 1227 daAuts
     D:3: 720 daAuts
     D:1: 708 daAuts
    D:10: 661 daAuts
     D:2: 607 daAuts
  Temple: 128 daAuts
